 Dungeon Crawl Stone Soup version 0.30-a0-154-gb106f4c828 (webtiles) character file.

Game seed: 13650134684995735535

129 Ghostare the Ducker (level 4, -3/28 HPs)
             Began as a Spriggan Berserker on Sept 27, 2022.
             Was a Believer of Trog.
             Slain by a goblin
             ... wielding a +0 club
             ... led by Robin
              (5 damage)
             ... on level 2 of the Dungeon.
             The game lasted 00:08:40 (2422 turns).

Ghostare the Ducker (Spriggan Berserker)            Turns: 2422, Time: 00:08:40

Health: -3/28      AC:  3    Str: 19    XL:     4   Next: 88%
Magic:  5/5        EV: 20    Int:  8    God:    Trog [**....]
Gold:   121        SH:  0    Dex: 14    Spells: 3/3 levels left

rFire   x . .      SeeInvis +    e - +2 dagger of Urgency {vorpal, rF- rC+ Str+4}
rCold   + . .      Faith    .    (no shield)
rNeg    . . .      Spirit   .    b - +1 animal skin
rPois   .          Reflect  .    (helmet restricted)
rElec   .          Harm     .    (no cloak)
rCorr   .          Rampage  .    (gloves unavailable)
Will    ++...                    (boots unavailable)
Stlth   +++.......               (no amulet)
HPRegen 1.09/turn                (no ring)
MPRegen 0.09/turn                (no ring)

@: strong-willed, regenerating, very quick
A: very small, no large weapons, unfitting armour, see invisible, speed 3
a: Renounce Religion, Berserk, Trog's Hand


You were on level 2 of the Dungeon.
You worshipped Trog.
Trog was pleased with you.
You visited 1 branch of the dungeon, and saw 2 of its levels.

You collected 121 gold pieces.

Inventory:

Hand Weapons
 a - a +0 hand axe
 e - the +2 dagger of Urgency (weapon) {vorpal, rF- rC+ Str+4}
   (You found it on level 2 of the Dungeon)

   It inflicts extra damage upon your enemies.
   Str:       It affects your strength (+4).
   rF:        It makes you vulnerable to fire.
   rC:        It protects you from cold.
Missiles
 d - 3 javelins
Armour
 b - a +1 animal skin (worn)
 f - a +0 ring mail
Jewellery
 c - an amulet of reflection
 i - a +6 ring of dexterity
Scrolls
 h - 2 scrolls of identify


   Skills:
 + Level 5.7 Fighting
 + Level 4.2 Short Blades
 + Level 4.8 Axes
 + Level 7.3 Dodging
 + Level 6.2 Stealth


You had 3 spell levels left.
You didn't know any spells.
Your spell library contained the following spells:

 Spells                   Type           Power      Damage    Failure   Level
 Beastly Appendage        Tmut           0%         N/A       41%         1
 Wereblood                Tmut           0%         N/A       54%         2
 Spider Form              Tmut/Pois      0%         N/A       78%         3


Dungeon Overview and Level Annotations

Branches:
Dungeon (2/15)

Altars:

Annotations:
D:2 Robin


Innate Abilities, Weirdness & Mutations

You are very small and have problems with some larger weapons.
You are too small for most types of armour.
You have supernaturally acute eyesight. (SInv)
You cover ground extremely quickly. (Speed+++)


Message History

The goblin barely misses you.
You barely miss Robin.
Robin roars a battlecry!
The goblin goes into a battle-frenzy!
The goblin barely misses you.
A goblin comes into view. It is wielding a +0 club.
You hit Robin.
Robin is lightly wounded.
Robin misses you. The goblin closely misses you.
You hit Robin.
Robin is moderately wounded.
Robin hits you with a +0 mace. The goblin barely misses you.
You hit Robin but do no damage.
Robin is moderately wounded.
Robin says, "Bow before me, strongest of all the hobgoblins!"
Robin barely misses you. The goblin barely misses you.
You hit Robin.
Robin is heavily wounded.
Robin misses you. The goblin completely misses you.
You hit Robin but do no damage.
Robin is heavily wounded.
Robin says, "Feeling lonely?"
Robin completely misses you. The goblin hits you with a +0 club.
* * * LOW HITPOINT WARNING * * *
Okay, then.
It was a potion of experience.
You feel more experienced!
Your Fighting skill gained 3 levels and is now at level 5!
Your Short Blades skill gained 4 levels and is now at level 4!
Your Axes skill increases to level 4!
Your Dodging skill gained 3 levels and is now at level 7!
Your Stealth skill gained 6 levels and is now at level 6!
You have reached level 4!
Robin hits you but does no damage. The goblin completely misses you.
Your skin crawls.
You feel strong-willed. Robin hits you with a +0 mace.
* * * LOW HITPOINT WARNING * * *
The goblin hits you with a +0 club.
You die...

### #.#####
#...g.#
#.###@# #.#
#g#
###########.#
#g#
#.........#.#
#g#
#.#######...#
#g. #.# #####
### #.# #.#
#.#


You could see Robin, a hobgoblin (strong) and 3 goblins.

Vanquished Creatures
  2 adders (D:2)
  2 dart slugs
  3 endoplasms (D:1)
  3 giant cockroaches
  8 goblins
  4 hobgoblins (D:1)
  3 jackals (D:2)
  3 kobolds (D:1)
  A quokka (D:2)
  2 ball pythons
  A frilled lizard (D:1)
  5 rats
37 creatures vanquished.

Notes
Turn   | Place    | Note
-------+----------+-------------------------------------------
     0 | D:1      | Ghostare the Spriggan Berserker began the quest for the
                  | Orb.
     0 | D:1      | Reached XP level 1. HP: 11/11 MP: 2/2
   314 | D:1      | Reached XP level 2. HP: 16/16 MP: 3/3
  1333 | D:1      | Reached XP level 3. HP: 13/19 MP: 4/4
  1438 | D:1      | Found a faded altar of an unknown god.
  1530 | D:2      | Reached ** piety under Trog
  1841 | D:2      | Identified the +2 dagger of Urgency {vorpal, rF- rC+ Str+4}
  2408 | D:2      | Noticed Robin
  2421 | D:2      | Reached skill level 5 in Fighting
  2421 | D:2      | Reached skill level 7 in Dodging
  2421 | D:2      | Reached XP level 4. HP: 7/28 MP: 5/5
  2422 | D:2      | Slain by a goblin

Illustrated notes

Levels and vault maps discovered:
D:1:      sevenhm_arrival_forest_fort_small_4, layout_rooms,
          shapermc_ecumenical_altar_pompeii, st_stairs_14,
          minmay_misc_feat_square
D:2:      layout_basic, uniq_robin

Skill      XL: |  1  2  3 |
---------------+----------+-----
Axes           | 4 |  4.8
Fighting       | 5 |  5.7
Short Blades   | 4 |  4.2
Dodging        | 7 |  7.3
Stealth        | 6 |  6.2

Action                   |  1- 3 |  4- 6 || total
-------------------------+-------+-------++-------
Melee: Hand axe          |   104 |       ||   104
       Dagger            |    35 |       ||    35
Invok: Trog's Hand       |       |     1 ||     1
  Use: Scroll            |     5 |       ||     5
       Potion            |     1 |       ||     1
Armor: Animal skin       |     9 |     1 ||    10
Dodge: Dodged            |   110 |     1 ||   111

Table legend: (Time is in decaauts)
 A = Elapsed time spent in this place.
 B = Non-inter-level travel time spent in this place.
 C = Inter-level travel time spent in this place.
 D = Time resting spent in this place.
 E = Time spent auto-exploring this place.
 F = Levels seen in this place.
 G = Mean time per level.
                   A        B        C        D        E       F      G
               +--------+--------+--------+--------+--------+-----+--------+
         Total |   2063 |   2063 |      0 |   1283 |    174 |   2 | 1031.5 |
       Dungeon |   2063 |   2063 |      0 |   1283 |    174 |   2 | 1031.5 |
               +--------+--------+--------+--------+--------+-----+--------+

Top non-repeatable levels by time:
     D:1: 1308 daAuts
     D:2: 754 daAuts
